Map: 오토메이턴 - 래더

Players

JinairRogue (Rogue)

  • Race: Zerg Zerg
  • League: Master
  • Spawn Location: 9:00

Zest - Winner!

  • Race: Protoss Protoss
  • League: Master
  • Spawn Location: 3:00

Event: IEM Season 13 - Katowice Server Qualifiers Asia 1

VOD

Have the link to the VOD?

Description

Time

  • Played on: Jan. 14, 2019, 5:06 a.m.
  • Length: 13:40

All games in this series

Show
View Real Time Build Order
Export as new Build Order

JinairRogue Zerg 

Build Orders: Hatch First 

Get SALT Encoding   

  12  0:00  Drone  
  13  0:12  Overlord  
  13  0:18  Drone  
  14  0:31  Drone x2  
  16  0:49  Hatchery  
  15  0:52  Drone  
  15  0:56  Drone  
  17  0:59  Drone  
  18  1:10  Extractor  
  17  1:15  Spawning Pool  
  17  1:18  Drone  
  17  1:22  Drone  
  18  1:30  Drone  
  19  1:39  Drone  
  20  1:52  Hatchery  
  19  1:54  Drone  
  20  2:02  Queen  
  20  2:07  Drone  
  23  2:11  Drone  
  24  2:16  Drone  
  24  2:17  Drone  
  26  2:23  Overlord  
  26  2:28  Metabolic Boost  
  26  2:33  Zergling x4  
  28  2:41  Queen  
  30  2:45  Zergling x2  
  30  2:49  Queen  
  33  2:53  Drone  
  33  2:54  Drone  
  33  2:57  Drone  
  36  3:05  Overlord  
  36  3:09  Queen  
  38  3:13  Drone x2  
  38  3:16  Drone  
  38  3:17  Drone  
  42  3:24  Overlord  
  42  3:26  Queen  
  44  3:32  Drone x2  
  46  3:35  Overlord  
  46  3:38  Drone  
  47  3:45  Drone x2  
  47  3:46  Spore Crawler  
  48  3:48  Drone  
  48  3:51  Drone  
  48  3:54  Spore Crawler  
  49  3:57  Drone  
  49  3:58  Drone x4  
  49  3:59  Drone  
  49  4:02  Drone  
  56  4:03  Drone  
  56  4:06  Drone  
  56  4:09  Overlord  
  58  4:11  Overlord  
  58  4:18  Overlord  
  58  4:23  Extractor x2  
  56  4:26  Drone x2  
  56  4:28  Drone x3  
  56  4:30  Overlord  
  56  4:31  Drone x3  
  64  4:33  Drone x2  
  66  4:39  Lair  
  66  4:43  Drone x4  
  70  4:50  Roach Warren  
  71  4:52  Drone x2  
  71  4:53  Drone  
  71  4:54  Drone  
  71  4:55  Overlord  
  73  5:00  Spore Crawler, Drone  
  73  5:01  Overlord  
  73  5:03  Extractor, Drone  
  73  5:04  Extractor  
  73  5:06  Drone  
  73  5:07  Drone x2  
  75  5:11  Overlord x2  
  75  5:30  Roach x10  
  75  5:33  Drone x3  
  98  5:39  Glial Reconstitution  
  98  5:42  Overseer  
  98  5:43  Extractor  
  98  5:45  Drone x5  
  98  5:47  Evolution Chamber  
  101  5:53  Overlord x3  
  101  6:02  Drone x4  
  105  6:07  Drone  
  106  6:13  Zerg Missile Weapons Level 1  
  106  6:14  Drone  
  106  6:15  Spire  
  106  6:16  Zergling x12  
  112  6:21  Queen, Spore Crawler  
  112  6:23  Spore Crawler  
  107  6:25  Spore Crawler  
  107  6:26  Drone  
  107  6:35  Drone x6  
  107  6:38  Overlord  
  107  6:39  Overlord  
  110  6:48  Overlord x2  
  110  6:49  Overlord x2  
  110  6:52  Overlord  
  106  7:02  Zergling x6  
  106  7:03  Zergling x6  
  112  7:24  Hatchery  
  112  7:26  Corruptor x8  
  112  7:29  Zerg Flyer Armor Level 1  
  122  7:35  Corruptor  
  122  7:36  Corruptor  
  122  7:40  Corruptor x2  
  121  7:52  Roach x8  
  121  7:56  Roach  
  121  7:57  Roach  
  139  7:59  Overseer  
  139  8:08  Roach x7  
  152  8:13  Overlord x2  
  150  8:26  Roach x2, Overlord  
  150  8:27  Overlord x2  
  151  8:36  Zerg Missile Weapons Level 2  
  151  8:39  Roach  
  151  8:40  Roach x5  
  161  8:49  Corruptor x3  
  161  8:53  Drone x3  
  160  9:03  Corruptor x2  
  160  9:04  Corruptor  
  160  9:06  Drone x3  
  169  9:19  Corruptor x2  
  169  9:21  Zergling x14  
  180  9:30  Corruptor x2  
  184  9:33  Zergling x12  
  184  9:38  Overlord  
  190  9:45  Corruptor  
  192  9:47  Zerg Flyer Weapons Level 1  
  189  10:00  Corruptor x2  
  189  10:01  Corruptor  
  189  10:02  Zergling x8  
  189  10:03  Zergling x4  
  197  10:16  Corruptor  
  196  10:23  Hydralisk Den  
  193  10:41  Hatchery  
  193  10:42  Corruptor  
  186  10:43  Corruptor x4  
  186  10:46  Zergling x6  
  186  10:47  Zergling x2  
  192  11:00  Grooved Spines  
  192  11:04  Hatchery, Zergling x2  
  192  11:05  Zergling x16  
  187  11:32  Roach  
  190  11:33  Roach  
  190  11:38  Roach  
  183  11:44  Roach x5  
  189  11:52  Overlord  
  187  11:58  Ravager x2  
  187  11:59  Roach x4  
  193  12:05  Ravager x9  
  195  12:12  Muscular Augments  
  184  12:18  Roach x9, Zergling x2  
  184  12:19  Zergling x4  
  192  12:22  Hatchery  
  192  12:26  Roach x5, Zergling x10  
  198  12:34  Roach  
  198  12:35  Roach  
  198  12:36  Roach  
  197  12:38  Roach  
  197  12:43  Roach  
  174  12:48  Roach x8  
  164  12:52  Ravager  
  164  12:54  Roach  
  164  12:55  Zergling x14  
  169  12:59  Roach x2  
  169  13:01  Roach  
  169  13:02  Roach  
  160  13:07  Roach x3  
  160  13:08  Zergling x10  
  148  13:13  Roach  
  148  13:16  Roach x3  
Show
View Real Time Build Order
Export as new Build Order

Zest Protoss - Winner!

Build Orders: 1 Gate Expand, Oracle Opening, Phoenix Opening, Chargelot Immortal, Mass Phoenix 

Get SALT Encoding   

  12  0:00  Probe  
  13  0:12  Probe  
  14  0:18  Pylon  
  14  0:24  Probe  
  15  0:32  Probe  
  15  0:38  Gateway  
  15  0:40  Probe  
  16  0:48  Assimilator  
  17  0:51  Probe  
  18  1:03  Probe  
  19  1:15  Probe  
  20  1:27  Nexus  
  20  1:37  Cybernetics Core  
  20  1:40  Probe  
  20  1:45  Assimilator  
  21  1:52  Probe  
  22  1:55  Pylon  
  22  2:04  Probe, Adept  
  25  2:17  Stargate  
  25  2:20  Probe  
  26  2:25  Warp Gate  
  26  2:32  Probe  
  26  2:33  Adept  
  26  2:35  Probe  
  29  2:43  Probe  
  31  2:44  Probe  
  32  2:52  Phoenix  
  32  2:53  Probe  
  32  2:56  Probe  
  34  3:05  Probe  
  37  3:08  Probe  
  37  3:09  Oracle, Pylon  
  38  3:17  Probe  
  42  3:20  Probe  
  42  3:25  Assimilator  
  43  3:29  Probe  
  43  3:31  Assimilator  
  43  3:32  Probe  
  45  3:36  Gateway  
  45  3:41  Probe  
  45  3:44  Probe  
  47  3:53  Stargate, Probe  
  48  3:56  Probe  
  48  3:57  Phoenix  
  48  4:01  Pylon  
  51  4:05  Probe  
  51  4:08  Probe  
  53  4:17  Probe  
  53  4:19  Pylon  
  53  4:21  Probe  
  53  4:22  Phoenix  
  55  4:30  Probe  
  58  4:32  Phoenix  
  58  4:33  Probe  
  59  4:40  Phoenix  
  61  4:50  Phoenix  
  65  5:05  Phoenix  
  67  5:09  Pylon  
  67  5:10  Probe  
  67  5:12  Zealot  
  70  5:18  Pylon  
  70  5:23  Phoenix  
  72  5:30  Phoenix  
  72  5:32  Zealot  
  76  5:35  Zealot  
  76  5:37  Pylon  
  76  5:39  Nexus  
  76  5:42  Phoenix  
  78  5:45  Pylon  
  80  5:55  Phoenix  
  82  6:00  Probe x2  
  82  6:02  Sentry  
  82  6:03  Sentry  
  82  6:04  Robotics Facility  
  88  6:05  Robotics Facility, Shield Battery  
  88  6:15  Probe x2  
  90  6:27  Probe x2  
  90  6:29  Pylon  
  92  6:39  Probe  
  94  6:40  Probe  
  90  6:47  Probe  
  90  6:48  Probe  
  90  6:52  Probe  
  90  6:53  Void Ray  
  93  6:58  Probe x2  
  91  7:01  Sentry  
  91  7:04  Void Ray, Probe  
  104  7:10  Probe x2  
  104  7:11  Pylon  
  104  7:13  Assimilator  
  104  7:14  Zealot  
  108  7:17  Probe  
  108  7:18  Assimilator  
  108  7:22  Probe  
  110  7:25  Twilight Council  
  110  7:26  Forge  
  110  7:27  Void Ray  
  110  7:29  Probe, Pylon  
  112  7:30  Probe  
  112  7:34  Probe  
  117  7:41  Zealot x2  
  119  7:47  Void Ray  
  119  7:48  Observer x2, Protoss Ground Weapons Level 1  
  125  7:52  Charge  
  125  7:57  Shield Battery  
  125  8:02  Pylon x2  
  125  8:06  Gateway  
  125  8:08  Gateway  
  125  8:10  Void Ray  
  129  8:24  Gateway  
  129  8:25  Gateway  
  129  8:26  Templar Archives  
  129  8:28  Gateway x2, Immortal  
  129  8:30  Void Ray  
  129  8:31  Pylon  
  131  8:34  Immortal  
  135  9:02  Psionic Storm  
  135  9:05  Pylon  
  135  9:06  Pylon  
  135  9:09  Immortal  
  135  9:14  Immortal  
  141  9:18  Zealot x3  
  141  9:19  Zealot x3  
  141  9:20  Observer  
  141  9:21  Pylon x2  
  153  9:37  Protoss Ground Weapons Level 2  
  153  9:40  Pylon  
  151  9:47  High Templar x4, Shield Battery  
  151  9:48  Immortal  
  151  9:50  Void Ray, Pylon  
  151  9:52  Pylon  
  159  9:53  Immortal  
  159  9:58  Void Ray  
  161  10:05  Shield Battery  
  167  10:15  Pylon  
  167  10:18  Zealot x4  
  169  10:36  Void Ray  
  165  10:46  Void Ray  
  169  10:51  Pylon  
  169  10:55  Stalker x7  
  179  10:59  Warp Prism  
  179  11:03  Observer  
  176  11:18  Blink  
  176  11:24  Zealot x2  
  176  11:25  Zealot x5  
  172  11:39  Stalker  
  170  11:45  Stalker x2  
  170  11:46  Stalker  
  170  11:49  Nexus  
  166  11:58  High Templar x2  
  166  11:59  High Templar x2  
  168  12:04  Archon x2  
  168  12:18  Stalker x3  
  168  12:19  Stalker  
  169  12:42  Archon  
  149  12:57  Stalker x8  

Tags
 
Add a new tag
Caveats
  • Supply blocks, unpowered buildings, or Contaminate may cause inaccurate times.
  • Supply counts are checked every 10 seconds.